Map: Nightshade LE

Players

Kopankiewicz (Blysk) - Winner!

  • Race: Protoss Protoss
  • League: Bronze
  • Spawn Location: 11:00

Acampado (EnDerr)

  • Race: Zerg Zerg
  • Spawn Location: 5:00

Event: SEA Games 2019

VOD

https://www.twitch.tv/videos/519454718?t=01h34m32s

Description

Time

  • Played on: Dec. 9, 2019, 9:43 p.m.
  • Length: 10:21

All games in this series

Show
View Real Time Build Order
Export as new Build Order

Kopankiewicz Protoss - Winner!

Build Orders: 1 Gate Expand, Oracle Opening 

Get SALT Encoding   

  12  0:00  Probe  
  13  0:12  Probe  
  14  0:19  Pylon  
  14  0:24  Probe  
  15  0:37  Probe (Chrono Boost)  
  15  0:42  Gateway  
  16  0:43  Assimilator  
  16  0:47  Probe (Chrono Boost)  
  17  0:52  Probe (Chrono Boost)  
  18  1:04  Probe  
  19  1:16  Probe  
  20  1:23  Nexus  
  19  1:33  Cybernetics Core  
  19  1:35  Probe  
  20  1:41  Assimilator  
  20  1:47  Probe  
  20  1:51  Pylon  
  21  1:59  Probe  
  22  2:06  Adept (Chrono Boost)  
  22  2:11  Probe  
  25  2:18  Stargate  
  25  2:23  Probe  
  25  2:25  Warp Gate  
  25  2:27  Adept (Chrono Boost)  
  26  2:35  Probe  
  29  2:39  Probe  
  30  2:47  Probe  
  30  2:50  Adept  
  33  2:51  Probe  
  34  2:59  Gateway  
  34  3:00  Probe  
  34  3:02  Oracle (Chrono Boost)  
  38  3:08  Probe  
  38  3:12  Probe  
  40  3:19  Pylon  
  40  3:20  Probe  
  40  3:24  Probe  
  42  3:32  Probe  
  42  3:33  Oracle (Chrono Boost)  
  43  3:37  Probe  
  45  3:44  Probe  
  46  3:50  Probe  
  47  3:56  Probe  
  47  3:59  Pylon  
  47  4:02  Probe  
  48  4:03  Forge, Oracle  
  48  4:08  Probe  
  52  4:14  Stalker  
  54  4:18  Assimilator  
  54  4:19  Adept  
  54  4:22  Probe, Assimilator  
  57  4:25  Probe  
  58  4:34  Probe  
  58  4:35  Nexus  
  58  4:36  Pylon  
  59  4:41  Probe  
  60  4:46  Probe, Nexus  
  60  4:50  Robotics Facility  
  60  4:52  Protoss Ground Weapons Level 1 (Chrono Boost)  
  61  4:56  Shield Battery  
  61  4:58  Probe  
  62  5:00  Probe  
  63  5:10  Zealot  
  65  5:14  Shield Battery  
  65  5:15  Pylon  
  65  5:16  Pylon  
  65  5:21  Probe  
  65  5:24  Gateway  
  65  5:25  Gateway  
  65  5:26  Probe  
  67  5:33  Probe  
  65  5:36  Immortal (Chrono Boost)  
  65  5:38  Probe  
  65  5:42  Robotics Bay, Sentry  
  72  5:43  Sentry  
  72  5:47  Probe  
  75  5:50  Probe  
  76  5:58  Probe  
  76  6:00  Probe  
  76  6:02  Twilight Council, Probe  
  79  6:06  Immortal (Chrono Boost)  
  79  6:10  Probe  
  84  6:12  Probe  
  84  6:14  Probe, Pylon  
  86  6:22  Probe  
  86  6:24  Probe  
  88  6:26  Probe  
  89  6:34  Probe  
  89  6:36  Probe, Immortal (Chrono Boost)  
  89  6:39  Photon Cannon  
  95  6:40  Zealot x3, Photon Cannon  
  95  6:43  Stalker  
  103  6:49  Photon Cannon  
  100  6:56  Probe  
  100  6:58  Assimilator  
  98  7:02  Assimilator  
  98  7:05  Probe, Gateway  
  98  7:07  Colossus (Chrono Boost)  
  99  7:08  Extended Thermal Lance (Chrono Boost)  
  99  7:09  Charge (Chrono Boost)  
  99  7:13  Gateway, Sentry x2  
  109  7:19  Photon Cannon  
  109  7:28  Pylon  
  107  7:31  Pylon  
  107  7:32  Gateway  
  107  7:33  Zealot, Sentry  
  103  7:37  Probe  
  103  7:40  Protoss Ground Weapons Level 2  
  103  7:41  Probe  
  105  7:48  Zealot x2  
  105  7:50  Phoenix  
  107  7:53  Gateway  
  107  7:54  Probe x2, Gateway  
  107  7:56  Dark Shrine  
  107  7:57  Zealot x2  
  113  8:00  Colossus (Chrono Boost)  
  113  8:01  Phoenix  
  113  8:02  Pylon  
  113  8:05  Zealot  
  121  8:18  Pylon  
  121  8:19  Stalker x2  
  125  8:23  Nexus  
  125  8:42  Photon Cannon  
  125  8:44  Warp Prism (Chrono Boost), Photon Cannon  
  125  8:45  Shield Battery  
  127  8:55  Probe x2  
  129  8:56  Zealot x2  
  129  8:57  Zealot x3  
  139  9:11  Pylon  
  139  9:13  Dark Templar  
  139  9:14  Shield Battery  
  141  9:17  Pylon  
  141  9:18  Pylon  
  141  9:34  Dark Templar x2  
  145  9:40  Pylon  
  145  9:41  Pylon  
  145  9:44  Dark Templar  
  145  9:45  Dark Templar x4  
  149  9:53  Observer (Chrono Boost)  
  144  10:08  Probe  
  144  10:10  Gateway  
  145  10:14  Gateway  
Show
View Real Time Build Order
Export as new Build Order

Acampado Zerg 

Build Orders: Hatch First, Lurkers 

Get SALT Encoding   

  12  0:00  Drone  
  13  0:12  Overlord  
  13  0:18  Drone  
  14  0:31  Drone x2  
  16  0:48  Hatchery  
  15  0:51  Drone  
  15  0:55  Drone  
  17  0:59  Drone  
  18  1:10  Extractor  
  17  1:14  Spawning Pool  
  17  1:16  Drone  
  17  1:24  Drone  
  18  1:33  Drone  
  19  1:42  Drone  
  20  1:50  Drone  
  21  2:00  Queen  
  21  2:01  Queen  
  25  2:02  Drone x2  
  27  2:10  Overlord  
  27  2:15  Metabolic Boost  
  27  2:17  Drone  
  28  2:30  Zergling x4  
  30  2:37  Hatchery  
  30  2:42  Overlord  
  29  2:48  Drone x3  
  32  2:55  Queen  
  32  2:58  Zergling x2  
  35  2:59  Zergling x2  
  36  3:10  Drone x4  
  36  3:11  Drone  
  41  3:15  Drone  
  42  3:21  Overlord  
  42  3:24  Drone x2  
  44  3:27  Spore Crawler  
  42  3:39  Drone  
  42  3:45  Queen, Drone  
  42  3:46  Drone x2  
  42  3:48  Spore Crawler  
  46  3:51  Queen  
  46  3:55  Overlord  
  48  3:59  Zergling x6  
  48  4:00  Drone  
  52  4:08  Drone  
  52  4:09  Drone x2  
  52  4:16  Lair  
  52  4:17  Drone x2  
  52  4:18  Drone  
  55  4:24  Drone x3  
  55  4:29  Roach Warren  
  57  4:33  Overlord  
  57  4:36  Drone x2  
  59  4:44  Zergling x2  
  59  4:45  Zergling x2  
  57  4:46  Overlord x2  
  57  4:51  Spore Crawler  
  56  4:55  Drone x2  
  56  4:58  Drone x2  
  56  4:59  Extractor, Drone x4  
  64  5:00  Extractor  
  64  5:05  Drone x4  
  66  5:07  Extractor  
  65  5:15  Hydralisk Den  
  65  5:18  Overlord  
  64  5:21  Drone x2  
  64  5:23  Drone  
  64  5:24  Extractor, Drone x4  
  70  5:34  Drone x6  
  70  5:35  Drone  
  75  5:38  Overlord  
  75  5:47  Hydralisk  
  75  5:48  Muscular Augments, Hydralisk x2  
  81  5:51  Overlord x2  
  81  5:54  Drone  
  81  5:55  Hydralisk  
  83  5:59  Hydralisk  
  83  6:02  Hydralisk  
  87  6:06  Zergling x2  
  87  6:07  Zergling x12  
  87  6:10  Hydralisk  
  96  6:12  Overlord  
  96  6:18  Hydralisk  
  96  6:21  Hydralisk x2  
  102  6:32  Drone, Hydralisk x3  
  102  6:34  Hydralisk  
  102  6:36  Zergling x6  
  102  6:38  Hydralisk  
  111  6:42  Hydralisk  
  113  6:48  Hydralisk  
  113  6:49  Hydralisk  
  113  6:50  Zergling x4  
  113  6:51  Zergling x2  
  113  6:53  Hydralisk  
  114  6:56  Hydralisk  
  114  6:58  Hydralisk  
  109  7:07  Overlord, Hydralisk  
  109  7:08  Zergling x6  
  114  7:10  Hydralisk  
  114  7:14  Hydralisk  
  118  7:15  Hydralisk  
  118  7:20  Extractor, Hydralisk  
  121  7:27  Zergling x2, Hydralisk  
  121  7:29  Hydralisk  
  117  7:30  Hydralisk  
  117  7:33  Hydralisk  
  117  7:35  Hydralisk  
  109  7:38  Zergling x6  
  109  7:40  Hydralisk  
  109  7:43  Drone  
  109  7:44  Drone x3  
  110  7:50  Grooved Spines  
  109  7:56  Drone x4  
  109  7:57  Drone x2  
  115  8:05  Drone x2  
  117  8:06  Lurker Den  
  117  8:08  Evolution Chamber  
  116  8:12  Zergling x2  
  116  8:13  Zergling x4  
  116  8:16  Zergling x2  
  119  8:21  Drone  
  119  8:22  Overlord  
  119  8:24  Hydralisk  
  122  8:29  Hatchery  
  121  8:40  Infestation Pit  
  118  8:47  Overlord x3  
  113  8:58  Extractor  
  111  9:03  Lurker  
  111  9:04  Lurker x5  
  111  9:05  Lurker x2  
  111  9:09  Drone  
  121  9:10  Drone x14  
  121  9:15  Hydralisk  
  121  9:16  Hydralisk  
  136  9:19  Queen  
  137  9:41  Spore Crawler, Hydralisk x2  
  137  9:43  Hydralisk x2  
  141  9:46  Hydralisk  
  141  9:48  Hydralisk  
  141  9:49  Hydralisk  
  141  9:50  Hydralisk  
  141  9:51  Hydralisk  
  141  9:52  Hydralisk  
  131  9:54  Hydralisk x2  
  131  9:55  Hydralisk  
Tags
 
Add a new tag
Caveats
  • Supply blocks, unpowered buildings, or Contaminate may cause inaccurate times.
  • Supply counts are checked every 10 seconds.